AoeStats
← zamithdaniel

Arena

509108527Analyzed
2v2 RM · 8d ago on Sep 25, 2026· 44m 20s· 4 players
Game mode
Random Map
Map size
Medium (4 player)
Population
200
Speed
Normal
Resources
Standard
Victory
Conquest
Starting age
Dark Age
Ending age
Imperial Age
RankedLock teamsTeams togetherTeam positionsShared explorationLock speedFull tech treeHidden civsTurbo modeCheats
Victory
Defeat
🇺🇸 Saxons · United States
982
+16
🇨🇴 Celts · Colombia
973
+16
🇧🇷 Portuguese · Brazil
993
-16
🇦🇷 Teutons · Argentina
975
-16
zamithdaniel
11:05 Feudal Age
11:32 Double-Bit Axe
11:36 Horse Collar
19:31 Castle Age
18:36 Forging
21:13 Iron Casting
20:40 Scale Mail Armor
21:16 Iron Casting
20:37 Gold Mining
22:47 Chain Mail Armor
22:59 Heavy Plow
37:58 Imperial Age
39:17 Gold Shaft Mining
39:24 Scale Barding Armor
40:20 Blast Furnace
38:52 Cavalier
39:48 Husbandry
40:33 Chain Barding Armor
40:40 Stone Mining
40:26 Paladin
leancig
11:10 Feudal Age
15:40 Castle Age
14:45 Double-Bit Axe
14:43 Horse Collar
15:50 Gold Mining
18:24 Wheelbarrow
23:23 Bow Saw
24:37 Heavy Plow
26:02 Forging
25:44 Fletching
27:03 Hand Cart
31:39 Imperial Age
28:35 Crossbowman
29:13 Bodkin Arrow
29:23 Padded Archer Armor
30:11 Loom
30:41 Thumb Ring
31:00 Ballistics
30:51 Masonry
31:05 Leather Archer Armor
32:53 Bracer
32:49 Arbalester
35:14 Chemistry
34:21 Siege Engineers
35:50 Gold Shaft Mining
35:57 Ring Archer Armor
41:15 Conscription
41:15 Elite Hearth Troop
41:17 Shield Wall
42:08 Squires
41:53 Arson
42:13 Scale Mail Armor
42:48 Iron Casting
BR Machado
11:35 Feudal Age
12:39 Double-Bit Axe
16:39 Castle Age
19:03 Bow Saw
18:35 Horse Collar
18:50 Gold Mining
19:18 Loom
24:27 Wheelbarrow
24:51 Heavy Plow
24:54 Stone Mining
25:39 Hand Cart
27:45 Town Watch
31:34 Imperial Age
29:21 Forging
29:12 Scale Mail Armor
28:37 Pikeman
29:02 Arson
30:13 Ballistics
30:04 Masonry
29:50 Murder Holes
29:58 Fletching
30:46 Iron Casting
31:46 Town Patrol
32:07 Chain Mail Armor
31:48 Bodkin Arrow
32:56 Stone Shaft Mining
33:24 Chemistry
32:33 Halberdier
34:48 Architecture
34:51 Elite Organ Gun
36:55 Onager
soldadPERON
7:52 Loom
10:14 Feudal Age
15:48 Castle Age
20:40 Double-Bit Axe
20:36 Horse Collar
22:15 Heavy Plow
22:51 Gold Mining
25:48 Scale Mail Armor
26:45 Forging
Connection lost

Rejoining the realm…

Still unreachable

The connection could not be restored.

Session expired

The server has moved on; the page needs a fresh start.